 Dungeon Crawl Stone Soup version 0.22-a0-15-g4f60a598d5 (webtiles) character file.

343 Kaname the Conjurer (level 6, 41/41 HPs)
             Began as a Demonspawn Wizard on Jan 2, 2018.
             Quit the game on level 3 of the Dungeon.
             The game lasted 00:08:53 (2826 turns).

Kaname the Conjurer (Demonspawn Wizard)             Turns: 2826, Time: 00:08:54

Health: 41/41      AC:  2    Str:  7    XL:     6   Next: 31%
Magic:  2/10       EV: 12    Int: 22    God:
Gold:   131        SH:  0    Dex: 13    Spells: 2/11 levels left

rFire    . . .     SeeInvis .   l - +3 hunting sling
rCold    . . .     Gourm    .   (no shield)
rNeg     . . .     Faith    .   a - +0 robe
rPois    .         Spirit   .   b - +0 hat
rElec    .         Reflect  .   (no cloak)
rCorr    .         Harm     .   (no gloves)
MR       .....                  (no boots)
Stlth    ++........             (no amulet)
HPRegen  0.13/turn              (no ring)
MPRegen  0.12/turn              (no ring)

@: no status effects
A: claws 2, thin skeletal structure 1
a: no special abilities


You were on level 3 of the Dungeon.
You were very hungry.

You visited 1 branch of the dungeon, and saw 3 of its levels.

You collected 131 gold pieces.

Inventory:

Hand Weapons
 l - a +3 hunting sling (weapon)
 w - a +0 trident
Missiles
 s - a sling bullet (quivered)
Armour
 a - a +0 robe (worn)
 b - a +0 hat (worn)
Scrolls
 c - a scroll of remove curse
 f - a scroll of fog
 o - a scroll of noise {unknown}
 t - a scroll of magic mapping {unknown}
Potions
 e - a potion of mutation {unknown}
 g - 2 potions of heal wounds
 h - a potion of degeneration {unknown}
 j - a potion of invisibility {unknown}
 n - a potion of might {unknown}
 p - a potion of curing {unknown}
 q - a potion of brilliance {unknown}
 u - 2 potions of magic {unknown}
Comestibles
 d - 6 rations


   Skills:
 - Level 1.7 Dodging
 - Level 1.7 Stealth
 - Level 3.0 Spellcasting
 + Level 6.1 Conjurations
   Level 1.0 Summonings
 - Level 1.0 Translocations
 - Level 1.0 Air Magic
 - Level 1.1 Poison Magic


You had 2 spell levels left.
You knew the following spells:

 Your Spells              Type           Power        Failure   Level  Hunger
a - Magic Dart            Conj           ####         1%          1    None
b - Blink                 Tloc           N/A          12%         2    ##.....
c - Mephitic Cloud        Conj/Pois/Air  ###.....     12%         3    ###....
d - Conjure Flame         Conj/Fire      ###.....     11%         3    ###....


Dungeon Overview and Level Annotations

Branches:
Dungeon (3/15)

Altars:
Fedhas
Makhleb
Uskayaw

Annotations:
D:3 Grinder


Innate Abilities, Weirdness & Mutations

You have very sharp fingernails.
You have a somewhat thin skeletal structure. (Dex +2, Stealth)


Message History

Coldbreeze's ghost is almost destroyed.
You are feeling very hungry.
Firing (i - inventory):
s - 3 sling bullets (quivered)
Press: ? - help, Shift-Dir - straight line, f/p - coldbreeze's ghost
Aim: coldbreeze's ghost (almost destroyed)
You shoot a sling bullet.
The sling bullet barely misses coldbreeze's ghost.
Firing (i - inventory):
s - 2 sling bullets (quivered)
Press: ? - help, Shift-Dir - straight line, f/p - coldbreeze's ghost
Aim: coldbreeze's ghost (almost destroyed)
You shoot a sling bullet.
The sling bullet hits coldbreeze's ghost!
You destroy coldbreeze's ghost!
Your Conjurations skill gained 2 levels and is now at level 6!
You have reached level 6!
Your experience leads to an increase in your attributes!
Increase (S)trength, (I)ntelligence, or (D)exterity?
You feel clever.
Your demonic ancestry asserts itself...
Your bones become slightly less dense.
Are you sure you want to abandon this character and quit the game? (Confirm with "yes".)

# #.........#..# #
#(#######....# # ##.###
##.#.# #####....## #.#.#
.(....#...# #.#.# .
##.(..# #.#.####. ##(#.#
#....(... #ยง#.#
##....... ########@#.##
#..#.### ............###
##.###.##
.#######......###..####.#
#.#..<........###. .5
.#######....#.###....##.#
. .....>........#
##..[#.## .
########......# #...### (
#.....## #..## # # #####
##...## #..##


There were no monsters in sight!

Vanquished Creatures
  The ghost of coldbreeze the Slasher, an amateur HaFi (D:3)
  Terence (D:3)
  A gnoll (D:3)
  5 adders
  An ooze (D:3)
  A worm (D:2)
  3 dart slugs
  2 leopard geckos
  3 giant cockroaches
  15 goblins
  9 hobgoblins
  2 jackals (D:2)
  3 quokkas
  3 ball pythons
  5 bats
  4 frilled lizards
  4 kobolds
  2 rats (D:2)
65 creatures vanquished.

Notes
Turn   | Place    | Note
-------+----------+-------------------------------------------
     0 | D:1      | Kaname the Demonspawn Wizard began the quest for the Orb.
     0 | D:1      | Reached XP level 1. HP: 13/13 MP: 4/4
   242 | D:1      | Reached skill level 2 in Conjurations
   252 | D:1      | Gained mutation: You have sharp fingernails. [demonic ancestry]
   252 | D:1      | Reached XP level 2. HP: 19/19 MP: 1/6
   256 | D:1      | Learned a level 2 spell: Blink
  1281 | D:2      | Reached skill level 3 in Conjurations
  1322 | D:2      | Gained mutation: You have very sharp fingernails. [demonic ancestry]
  1322 | D:2      | Reached XP level 3. HP: 24/24 MP: 4/7
  1353 | D:2      | Reached skill level 1 in Translocations
  1358 | D:2      | Learned a level 3 spell: Mephitic Cloud
  1424 | D:2      | Found a hide-covered altar of Uskayaw.
  1501 | D:2      | Reached skill level 1 in Poison Magic
  1568 | D:2      | Reached skill level 1 in Air Magic
  1623 | D:2      | Reached XP level 4. HP: 16/30 MP: 0/8
  1691 | D:2      | Learned a level 3 spell: Conjure Flame
  1860 | D:2      | Found a burning altar of Makhleb.
  1861 | D:2      | Noticed a cacodemon
  2176 | D:3      | Found a blossoming altar of Fedhas.
  2181 | D:3      | Noticed Terence
  2210 | D:3      | Killed Terence
  2210 | D:3      | Reached skill level 4 in Conjurations
  2290 | D:3      | Noticed coldbreeze's ghost (amateur HaFi)
  2467 | D:3      | Reached XP level 5. HP: 33/35 MP: 1/9
  2557 | D:3      | Noticed Grinder
  2825 | D:3      | Killed coldbreeze's ghost
  2825 | D:3      | Reached skill level 6 in Conjurations
  2825 | D:3      | Gained mutation: You have a somewhat thin skeletal structure. (Dex +2, Stealth) [demonic ancestry]
  2825 | D:3      | Reached XP level 6. HP: 41/41 MP: 2/10
  2826 | D:3      | Quit the game

Vault maps used:
D:1:      scummos_arrival_hexagon
D:2:      lemuel_crystal_altar, makhleb_altar_promises_db
D:3:      marbit_many_paths, fedhas_altar_3, uniq_grinder, uniq_terence

Skill      XL: |  1  2  3  4  5 |
---------------+----------------+-----
Conjurations   | 2 3 4 6 |  6.1
Translocations | 1 |  1.0
Poison Magic   | 1 |  1.1
Air Magic      | 1 |  1.0
Dodging        | |  1.7
Stealth        | |  1.7
Spellcasting   | |  3.0
Summonings     | |  1.0

Action                   |  1- 3 |  4- 6 || total
-------------------------+-------+-------++-------
Melee: Unarmed           |     6 |       ||     6
       Spear             |       |    10 ||    10
 Fire: Hunting sling     |    42 |    87 ||   129
 Cast: Magic Dart        |    69 |    29 ||    98
       Mephitic Cloud    |       |     1 ||     1
       Conjure Flame     |       |     3 ||     3
  Use: Scroll            |       |     5 ||     5
 Stab: Confused          |       |     1 ||     1
  Eat: Chunk             |     2 |     3 ||     5
Armor: Robe              |     6 |     2 ||     8
Dodge: Dodged            |    15 |    16 ||    31

Table legend:
 A = Spawn XP
 B = Non-spawn XP
 C = Spawn XP percentage of total XP
 D = Spawn monster count
 E = Non-spawn monster count
 F = Spawn count percentage of total count
 G = Total turns spent on level
                    A         B        C        D         E        F      G
               +---------+---------+-------+---------+---------+-------+---------
         Total |       0 |     491 |   0.0 |       0 |      65 |   0.0 |  2826
               +---------+---------+-------+---------+---------+-------+---------
           D:1 |       0 |      33 |   0.0 |       0 |      18 |   0.0 |  1263
           D:2 |       0 |     102 |   0.0 |       0 |      30 |   0.0 |   930
           D:3 |       0 |     356 |   0.0 |       0 |      17 |   0.0 |   633
               +---------+---------+-------+---------+---------+-------+---------
